 Dungeon Crawl Stone Soup version 0.28-a0-1624-g820543e53a (webtiles) character file.

Game seed: 5459104398199944956

779 timneilson the Skirmisher (level 7, -3/44 HPs)
             Began as a Gargoyle Fighter on Jan 23, 2022.
             Was a Follower of Okawaru.
             Slain by an orc warrior (7 damage)
             ... on level 6 of the Dungeon.
             The game lasted 00:07:13 (5530 turns).

timneilson the Skirmisher (Gargoyle Fighter)        Turns: 5530, Time: 00:07:13

Health: -3/44      AC: 14    Str: 21    XL:     7   Next: 85%
Magic:  8/8        EV:  8    Int:  9    God:    Okawaru [*.....]
Gold:   252        SH:  6    Dex:  9    Spells: 6/6 levels left

rFire   . . .      SeeInvis .   a - +1 long sword
rCold   . . .      Faith    .   c - +1 buckler
rNeg    + . .      Spirit   .   i - +0 chain mail
rPois   ∞          Reflect  .   (no helmet)
rElec   +          Harm     .   (no cloak)
rCorr   .          Rampage  .   (no gloves)
Will    .....                   (no boots)
Stlth   ..........              (no amulet)
HPRegen 0.14/turn               m - +4 ring of slaying
MPRegen 0.11/turn               (no ring)

@: studying Fighting
A: sickness immunity, AC +4, negative energy resistance 1, electricity
resistance, torment resistance 1, petrification resistance
a: Renounce Religion, Heroism


You were on level 6 of the Dungeon.
You worshipped Okawaru.
Okawaru was aware of your devotion.
You visited 2 branches of the dungeon, and saw 7 of its levels.

You collected 252 gold pieces.

Inventory:

Hand Weapons
 a - a +1 long sword (weapon)
Armour
 c - a +1 buckler (worn)
 i - a +0 chain mail (worn)
 q - a +0 plate armour
Jewellery
 m - a +4 ring of slaying (left hand)
Wands
 n - a wand of flame (30)
Scrolls
 g - 2 scrolls of fog
 h - 4 scrolls of teleportation
Potions
 d - a potion of might
 e - a potion of invisibility {unknown}
 f - 3 potions of mutation
 j - 2 potions of brilliance {unknown}
 k - 3 potions of attraction
 r - a potion of lignification {unknown}


   Skills:
 + Level 5.4 Fighting
 * Level 3.9 Long Blades
 * Level 5.4 Armour
 + Level 2.0 Dodging
 * Level 5.4 Shields
 + Level 1.9 Invocations
 + Level 1.4 Evocations


You had 6 spell levels left.
You didn't know any spells.
Your spell library contained the following spells:

 Spells                   Type           Power      Damage    Failure   Level
 Beastly Appendage        Tmut           0%         N/A       99%         1
 Wereblood                Tmut           0%         N/A       100%        2
 Spider Form              Tmut/Pois      0%         N/A       100%        3
 Call Imp                 Summ           Unusable   N/A       N/A         2
 Animate Armour           Summ/Erth      Unusable   N/A       N/A         4
 Summon Forest            Summ/Tloc      Unusable   N/A       N/A         5
 Summon Cactus Giant      Summ           Unusable   N/A       N/A         6

Dungeon Overview and Level Annotations

Branches:
Dungeon (6/15)             Temple (1/1) D:4

Altars:
Ashenzari
Cheibriados
Dithmenos
Elyvilon
Fedhas
Gozag
Hepliaklqana
Makhleb
Nemelex Xobeh
Okawaru
Qazlal
Ru
Sif Muna
Trog
Uskayaw
Vehumet
Xom
Yredelemnul
Zin
The Shining One


Innate Abilities, Weirdness & Mutations

You are immune to sickness and miasma.
Your stone body is resilient. (AC +4)
You are immune to poison.
You resist negative energy. (rN+)
You are resistant to electric shocks. (rElec)
You are resistant to unholy torment.
You are immune to petrification.


Message History

You hit the orc warrior.
The orc warrior is lightly wounded.
The orc warrior hits you with a +0 scimitar!
You closely miss the orc warrior.
The orc warrior is lightly wounded.
The orc warrior hits you with a +0 scimitar.
You barely miss the orc warrior.
The orc warrior is lightly wounded.
The orc warrior hits you with a +0 scimitar!
You slash the orc warrior!
The orc warrior is heavily wounded.
You block the orc warrior's attack.
You closely miss the orc warrior.
The orc warrior is heavily wounded.
The orc warrior hits you but does no damage.
The orc wizard gestures wildly while chanting.
The orc wizard flickers and vanishes!
Deactivating autopickup; reactivate with Ctrl-A.
The orc warrior closely misses you.
You feel better. You block the orc warrior's attack.
You feel better.
The orc warrior hits you with a +0 scimitar.
You hit the orc warrior.
The orc warrior is severely wounded.
The orc warrior hits you with a +0 scimitar!
You hit the orc warrior.
The orc warrior is severely wounded.
The orc warrior barely misses you.
You closely miss the orc warrior.
The orc warrior is severely wounded.
The orc warrior hits you with a +0 scimitar!
* * * LOW HITPOINT WARNING * * *
The orc warrior hits you but does no damage.
You hit the orc warrior.
The orc warrior is almost dead.
The orc warrior hits you with a +0 scimitar.
* * * LOW HITPOINT WARNING * * *
There is a stone staircase leading up here.
The orc warrior hits you with a +0 scimitar!
You die...

#o# #.#
#o# #.#
#.#
####.#
##..o.#
##.)...##
#@o.....#
#.......#
#.......#
##.....##
#.......
.......##
#.....[.#
#.......#


You could see an orc warrior and an orc.

Vanquished Creatures
  A sky beast (D:5)
  A necrophage (D:5)
  2 scorpions
  A wight (D:4)
  A centaur zombie (D:5)
  A hound (D:5)
  A bullfrog skeleton (D:3)
  A gnoll shaman (D:4)
  3 iguanas
  An orc wizard (D:4)
  A howler monkey skeleton (D:4)
  5 gnolls (D:4)
  5 adders
  2 ufetubi (D:5)
  An adder skeleton (D:4)
  3 worms
  4 dart slugs
  5 orcs
  6 bats
  9 endoplasms
  2 giant cockroaches
  7 goblins
  10 hobgoblins
  4 jackals (D:2)
  7 kobolds
  A quokka (D:4)
  7 ball pythons
  3 frilled lizards (D:2)
  5 rats
100 creatures vanquished.

Notes
Turn   | Place    | Note
-------+----------+-------------------------------------------
     0 | D:1      | timneilson the Gargoyle Fighter began the quest for the
                  | Orb.
     0 | D:1      | Reached XP level 1. HP: 14/14 MP: 1/1
   128 | D:1      | Reached XP level 2. HP: 16/19 MP: 2/2
   282 | D:1      | Got the Guide on Summoning
   787 | D:1      | Identified a scroll of acquirement
   787 | D:1      | Acquired a manual of Fighting
   913 | D:2      | Reached XP level 3. HP: 21/23 MP: 3/3
  1169 | D:2      | Reached XP level 4. HP: 29/29 MP: 4/4
  2493 | D:3      | Found a bloodstained altar of Trog.
  2728 | D:3      | Reached skill level 1 in Dodging
  2728 | D:3      | Reached XP level 5. HP: 33/33 MP: 5/5
  2873 | D:3      | Found a faded altar of an unknown god.
  3241 | D:4      | Found a staircase to the Ecumenical Temple.
  3255 | Temple   | Entered the Ecumenical Temple
  3471 | Temple   | Became a worshipper of Warmaster Okawaru
  3774 | D:4      | Reached XP level 6. HP: 20/39 MP: 6/6
  4019 | D:4      | Reached skill level 1 in Invocations
  4266 | D:4      | Found a radiant altar of Vehumet.
  4621 | D:5      | Entered Level 5 of the Dungeon
  4632 | D:5      | Reached XP level 7. HP: 24/44 MP: 7/7
  4793 | D:5      | Reached skill level 5 in Fighting
  4793 | D:5      | Reached skill level 5 in Armour
  4793 | D:5      | Reached skill level 5 in Shields
  4793 | D:5      | Reached skill level 1 in Evocations
  4907 | D:5      | Found a snail-covered altar of Cheibriados.
  5404 | D:5      | Reached * piety under Okawaru
  5530 | D:6      | Slain by an orc warrior

Illustrated notes

Levels and vault maps discovered:
D:1:      saegor_arrival_simple_b, layout_loops_cross
D:2:      layout_basic
D:3:      layout_basic, bloody_trog, chequers_ecumenical_altar_grove,
          chequers_serial_rivers_marsh, palyth_stone_intersect,
          minmay_goblin_kobold_house
D:4:      layout_rooms, vehumet_altar_wand_db, minmay_temple_entry_hall,
          st_stairs_9
D:5:      layout_basic, slow_altar_1
D:6:      layout_rooms, uniq_blork_the_orc, uniq_eustachio
Temple:   minmay_crystal_spiral_temple

Skill      XL: |  1  2  3  4  5  6  7 |
---------------+----------------------+-----
Long Blades    | 2 3 |  3.9
Fighting       | 4 5 |  5.4
Shields        | 4 5 |  5.4
Armour         | 4 5 |  5.4
Dodging        | 1 2 |  2.0
Invocations    | 1 |  1.9
Evocations     | 1 |  1.4

Action                   |  1- 3 |  4- 6 |  7- 9 || total
-------------------------+-------+-------+-------++-------
Melee: Long sword        |   111 |   193 |    64 ||   368
  Use: Scroll            |     4 |     6 |     2 ||    12
       Potion            |       |     1 |     2 ||     3
Armor: Scale mail        |     6 |       |       ||     6
       Chain mail        |    75 |   118 |    38 ||   231
Dodge: Dodged            |    50 |    67 |    15 ||   132
Block: Buckler           |    23 |    38 |    16 ||    77

Table legend: (Time is in decaauts)
 A = Elapsed time spent in this place.
 B = Non-inter-level travel time spent in this place.
 C = Inter-level travel time spent in this place.
 D = Time resting spent in this place.
 E = Time spent auto-exploring this place.
 F = Levels seen in this place.
 G = Mean time per level.
                   A        B        C        D        E       F      G
               +--------+--------+--------+--------+--------+-----+--------+
         Total |   5646 |   5478 |    168 |    505 |   3875 |   7 |  806.6 |
       Dungeon |   5238 |   5153 |     85 |    505 |   3573 |   6 |  873.0 |
        Temple |    408 |    325 |     83 |      0 |    302 |   1 |  408.0 |
               +--------+--------+--------+--------+--------+-----+--------+

Top non-repeatable levels by time:
     D:3: 1479 daAuts
     D:2: 1129 daAuts
     D:4: 1024 daAuts
     D:1: 814 daAuts
     D:5: 747 daAuts
  Temple: 408 daAuts
     D:6: 42 daAuts
